[Event "Live Chess"]
[Site "Chess.com"]
[Date "2023.09.16"]
[Round "-"]
[White "Riquelme_Leonardo"]
[Black "kslusk"]
[Result "1-0"]
[WhiteElo "1683"]
[BlackElo "848"]
[TimeControl "900+5"]
[EndTime "7:12:56 PDT"]
[Termination "Riquelme_Leonardo venceu por desistência"]

1. e4 e6 2. d4 d5 3. exd5 exd5 4.
Bd3 Nc6 5. Nf3 Bg4 6. c3 Nf6 7.
O-O Bd6 8. Re1+ Be7 9. Bg5 h6 10. Bxf6 gxf6 11. Nbd2 Rg8 12. Qe2 Qd7 13. Bb5 Bxf3 14.
Nxf3 O-O-O 15. Bxc6 Qg4 16. g3 bxc6 17. h3 Qd7 18. Qxe7 Qxe7 19. Rxe7 Rg7 20. Rae1 Rdg8 21. Re8+ Rxe8 22. Rxe8+ Kd7 23. Ra8 f5 24. Kg2 f4 25.
g4 h5 26. g5 f6 27. h4 fxg5 28. hxg5 Rh7 29. Kh3 Ke6 30. Rxa7 Kf5 31. Ne5 Kxg5 32. f3 Rg7 33. Nxc6 Kf5 34. Ne5 Rg3+ 35. Kh2 h4 36. Rxc7 h3 37. Rf7+ Kg5 38. Rg7+ Kh4 39. Ng6+ Kh5 40.
Nxf4+ 1-0

[Event "Live Chess"]
[Site "Chess.com"]
[Date "2023.09.16"]
[Round "-"]
[White "maylso"]
[Black "KiwiDoFbi"]
[Result "0-1"]
[WhiteElo "1421"]
[BlackElo "1288"]
[TimeControl "900+5"]
[EndTime "7:12:58 PDT"]
[Termination "KiwiDoFbi venceu por desistência"]

1. d4 e5 2. dxe5 Nc6 3. Nf3 Qe7 4. Bf4 Qb4+ 5. Nbd2 Qxf4 6. e3 Qb4 7. b3 d6 8. a3 Qc3 9. exd6 Bxd6 10. Bc4 Ne5 11. Nxe5 Bxe5 12. Rb1 Nf6 13. O-O Bg4 14. Nf3 O-O 15.
h3 Bh5 16. Re1 Rad8 17. Qe2 Bxf3 18. Qxf3 Qxc2 19. e4 Rd2 20. Rec1 Qa2 21. Ra1 Bxa1 0-1

[Event "Live Chess"]
[Site "Chess.com"]
[Date "2023.09.16"]
[Round "-"]
[White "lucasbezerraja"]
[Black "mary260210"]
[Result "0-1"]
[WhiteElo "1788"]
[BlackElo "876"]
[TimeControl "900+5"]
[EndTime "7:13:09 PDT"]
[Termination "mary260210 venceu por desistência"]

1. e4 e5 2. Nf3 Nc6 3. Bc4 Nf6 4.
Nc3 Bc5 5. O-O O-O 6. d3 d6 7. Be3 Bxe3 8. fxe3 Bg4 9. Qd2 Bxf3 10. Rxf3 Nb4 11. d4 exd4 12. exd4 c5 13. dxc5 dxc5 14. Nd5 Nbxd5 15. exd5 Ne4 16. Qf4 Ng5 17. Rg3 f6 18.
d6+ Kh8 19. h4 Nf7 20. Qg4 g6 21. h5 Ne5 22. Qe4 Nxc4 23. Qxc4 Qxd6 24. hxg6 Qxg3 25. gxh7 Kxh7 26. Rf1 Rg8 27. Qf7+ Rg7 28. Qh5+ Kg8 29. Qd5+ Kh8 30. Qh5+ Rh7 31. Qxc5 Rg8 0-1

[Event "Live Chess"]
[Site "Chess.com"]
[Date "2023.09.16"]
[Round "-"]
[White "brenin12345"]
[Black "Mozart5501"]
[Result "0-1"]
[WhiteElo "756"]
[BlackElo "1794"]
[TimeControl "900+5"]
[EndTime "7:14:03 PDT"]
[Termination "Mozart5501 venceu por desistência"]

1. e4 e5 2. Nf3 Nc6 3. d4 exd4 4. Bc4 Bb4+ 5. c3 dxc3 6. bxc3 Ba5 7. O-O Nf6 8. e5 d5 9. exf6 dxc4 10. Qxd8+ Nxd8 11. fxg7 Rg8 12. Bh6 Ne6 13. Re1 Kd8 14. Ne5 Nxg7 15. Nxc4 Bb6 16. Bg5+ Kd7 17. Re7+ Kc6 18. Nxb6 axb6 19.
Bf4 Ne6 20. Rxf7 Nxf4 21. Rxf4 Be6 22. Nd2 Rxa2 23. Rxa2 Bxa2 24. g4 h5 25. f3 Be6 26. h3 hxg4 27. hxg4 Rd8 28. Rd4 Rxd4 29. cxd4 Kd5 30. Kg2 Kxd4 31. Kg3 Ke3 32. Nf1+ Ke2 33. Nh2 b5 34. g5 b4 35. Kh4 b3 36. Ng4 b2 37.
Nf6 b1=Q 38. g6 Qxg6 0-1

[Event "Live Chess"]
[Site "Chess.com"]
[Date "2023.09.16"]
[Round "-"]
[White "AlphaKaua10"]
[Black "InfinityDelas"]
[Result "1-0"]
[WhiteElo "1114"]
[BlackElo "761"]
[TimeControl "900+5"]
[EndTime "7:14:05 PDT"]
[Termination "AlphaKaua10 venceu - partida abandonada"]

1. d4 d5 2. c4 dxc4 3. Qa4+ Nc6 4.
Qxc4 Nxd4 5. Nf3 Be6 6. Qa4+ Nc6 7. g3 Nf6 8. Bg2 Bd7 9. O-O Ne5 10. Qb3 Nxf3+ 11. Bxf3 Bc6 12. Bxc6+ bxc6 13. Bg5 e6 14. Rd1 Qe7 15. Qf3 Rd8 16. Qxc6+ Rd7 17. Rxd7 Qxd7 18.
Qxd7+ Kxd7 19. Bxf6 gxf6 20. Nc3 Bg7 21. Rd1+ Ke7 22.
f4 f5 23. Nb5 Rd8 24. Rxd8 Kxd8 25. Nxa7 Bxb2 26. Nc6+ Ke8 27. Ne5 f6 28. Nd3 Bd4+ 29. Kg2 c5 30. a4 c4 31. Nc1 c3 32. Kf3 c2 33. a5 Kd7 34. h4 h5 35. e3 Bb2 36. Nb3 c1=Q 37. Nxc1 Bxc1 38. a6 e5 39. a7 e4+ 40. Ke2 Bxe3 41. Kxe3 1-0

[Event "Live Chess"]
[Site "Chess.com"]
[Date "2023.09.16"]
[Round "-"]
[White "Samueeeseeel"]
[Black "xadrecarloso"]
[Result "1-0"]
[WhiteElo "906"]
[BlackElo "948"]
[TimeControl "900+5"]
[EndTime "7:14:30 PDT"]
[Termination "Samueeeseeel venceu por desistência"]

1. c4 c5 2. Nc3 a6 3. g3 b5 4.
cxb5 axb5 5. Nxb5 Bb7 6. Nf3 Ra5 7. Nc3 Nf6 8. Bg2 g6 9. O-O Bg7 10. Rb1 Nc6 11. a3 Nd4 12. b4 Ra6 13. bxc5 Nxf3+ 14. Bxf3 Bxf3 15. exf3 e6 16. Qe2 O-O 17. Qxa6 1-0

[Event "Live Chess"]
[Site "Chess.com"]
[Date "2023.09.16"]
[Round "-"]
[White "GabrielGGCF"]
[Black "KauaShelby015"]
[Result "0-1"]
[WhiteElo "1404"]
[BlackElo "1279"]
[TimeControl "900+5"]
[EndTime "7:14:54 PDT"]
[Termination "KauaShelby015 venceu por desistência"]

1. e4 c5 2. Nf3 d6 3. c3 Nf6 4. e5 dxe5 5. Nxe5 Nbd7 6. Nxd7 Bxd7 7. d4 e6 8. Bg5 Be7 9. Bc4 O-O 10. O-O h6 11. Bh4 cxd4 12. cxd4 Rc8 13. Qd3 Nd5 14.
Bxe7 Nxe7 15. Bb3 a6 16. Bc2 Ng6 17. Nc3 Qb6 18. Rab1 Rfd8 19. h4 f5 20. g4 Nxh4 21. gxf5 Qc6 22. Qg3 Nxf5 23. Bxf5 exf5 24. Kh2 Qc7 25.
Rg1 Rf8 26. Rg2 Qxg3+ 27. Rxg3 f4 28. Rg6 Bf5 29. Nd5 Bxg6 30. Ne7+ Kf7 31. Nxg6 Kxg6 32.
Rg1+ Kf6 0-1

[Event "Live Chess"]
[Site "Chess.com"]
[Date "2023.09.16"]
[Round "-"]
[White "Mozart5501"]
[Black "lucasbezerraja"]
[Result "0-1"]
[WhiteElo "1786"]
[BlackElo "1796"]
[TimeControl "900+5"]
[EndTime "7:15:50 PDT"]
[Termination "lucasbezerraja venceu por desistência"]

1. e4 c5 2. Nf3 d6 3. d4 cxd4 4. Nxd4 Nf6 5. Nc3 g6 6. Be2 Bg7 7. Be3 O-O 8. O-O Nc6 9. Nxc6 bxc6 10. f4 Bb7 11. Qd2 c5 12. Bd3 Ng4 13. h3 Nxe3 14.
Qxe3 Bd4 0-1

[Event "Live Chess"]
[Site "Chess.com"]
[Date "2023.09.16"]
[Round "-"]
[White "daniel-drummond"]
[Black "Ggavioli"]
[Result "1/2-1/2"]
[WhiteElo "1551"]
[BlackElo "1553"]
[TimeControl "900+5"]
[EndTime "7:15:55 PDT"]
[Termination "Empate por repetição"]

1. e4 c6 2. Nf3 d5 3. exd5 cxd5 4. d4 Nc6 5. Nc3 Bg4 6. Bb5 a6 7. Bxc6+ bxc6 8. O-O e6 9. h3 Bxf3 10. Qxf3 Nf6 11.
Re1 Bb4 12. a3 Bxc3 13. Qxc3 O-O 14. Bg5 Ne4 15. Rxe4 Qxg5 16. Rg4 Qf5 17. Qg3 g6 18. Rc1 Rab8 19. b3 a5 20. a4 Rb4 21. Qd6 h5 22. Rf4 Qg5 23. h4 Qh6 24. Rf1 Rbb8 25. g3 Rbd8 26.
Qxc6 Rc8 27. Qb6 Rxc2 28. Qxa5 Rb2 29. b4 Rb8 30. b5 Qf8 31. Qc3 Ra2 32. Qb3 Ra3 33.
Qc2 Qb4 34. Qc7 Qf8 35. Rxf7 Qxf7 36. Qxb8+ Kg7 37. Qa8 Qc7 38. Qa6 Rxg3+ 39. fxg3 Qxg3+ 40. Kh1 Qh3+ 41. Kg1 Qg3+ 42. Kh1 Qh3+ 43. Kg1 Qg3+ 1/2-1/2

[Event "Live Chess"]
[Site "Chess.com"]
[Date "2023.09.16"]
[Round "-"]
[White "z_anne_ari"]
[Black "fernanndodod"]
[Result "0-1"]
[WhiteElo "1263"]
[BlackElo "1954"]
[TimeControl "900+5"]
[EndTime "7:16:16 PDT"]
[Termination "fernanndodod venceu por desistência"]

1. e4 e5 2. Nf3 Nc6 3. Bb5 a6 4. Ba4 Nf6 5. O-O Be7 6. Re1 b5 7. Bb3 O-O 8. c3 d6 9. d4 exd4 10. cxd4 Bg4 11. Nc3 Bxf3 12. Qxf3 Nxd4 13. Qg3 Nxb3 14.
axb3 d5 15. Bh6 g6 16. exd5 Nh5 17. Qe5 Bf6 18. Qe3 Ng7 19. Rad1 Re8 20. Ne4 Bxb2 21. Bxg7 Bxg7 22. Qg3 Qd7 23. f3 Rad8 24. d6 cxd6 25.
Nxd6 Rxe1+ 26. Qxe1 Qc7 27. Qg3 Qc5+ 28. Kf1 Be5 29.
Nb7 Rxd1+ 30. Ke2 Qc2+ 31. Ke3 Bxg3 32. hxg3 0-1

[Event "Live Chess"]
[Site "Chess.com"]
[Date "2023.09.16"]
[Round "-"]
[White "gu1c0rrea"]
[Black "Edson_Zarnelli"]
[Result "0-1"]
[WhiteElo "811"]
[BlackElo "775"]
[TimeControl "900+5"]
[EndTime "7:16:45 PDT"]
[Termination "Edson_Zarnelli venceu por xeque-mate"]

1. e4 e5 2. Nf3 Nc6 3. Bb5 Nd4 4.
Nxd4 exd4 5. c3 dxc3 6. Nxc3 Bb4 7. Qf3 Bxc3 8. Qxc3 f6 9. e5 Nh6 10. exf6 Qxf6 11. Qe3+ Qe6 12. Bc4 Qxe3+ 13. fxe3 Nf5 14. e4 Nd4 15. O-O b5 16. Bf7+ Ke7 17. Bh5 Bb7 18. Rf7+ Kd6 19. Rxg7 Bxe4 20. Rg4 Ne2+ 21.
Kf1 Nxc1 22. Rxc1 Bd3+ 23. Kg1 Be2 24. Rd4+ Ke5 25. Rh4 Bxh5 26. Rxh5+ Kf4 27. Re1 Rae8 28. Rf1+ Kg4 29. Rh3 Ref8 30. Rg3+ Kh4 31. Rgf3 Rxf3 32. Rxf3 Kg5 33. g3 Kg4 34. Kg2 Kg5 35. h4+ Kg6 36. g4 c5 37. Kg3 Kg7 38. Re3 Kf7 39. g5 Re8 40. Rxe8 Kxe8 41. Kf4 Kf7 42. Kf5 a5 43. Kg4 b4 44. h5 d6 45. h6 Kg6 46. Kf4 Kh5 47. Kf5 a4 48. Kf6 d5 49. Kg7 a3 50.
Kxh7 axb2 51. Kg8 b1=Q 52. h7 Qa1 53. g6 Kxg6 54. d3 Qg7# 0-1

[Event "Live Chess"]
[Site "Chess.com"]
[Date "2023.09.16"]
[Round "-"]
[White "kslusk"]
[Black "maylso"]
[Result "0-1"]
[WhiteElo "846"]
[BlackElo "1422"]
[TimeControl "900+5"]
[EndTime "7:17:12 PDT"]
[Termination "maylso venceu por desistência"]

1. e4 e5 2. Nf3 Nc6 3. Bc4 Bc5 4. d3 Nf6 5. Bg5 O-O 6. Nc3 h6 7. Bh4 d6 8. Nd5 g5 9. Nxf6+ Qxf6 10. Bg3 Bg4 11. h4 Nd4 12. hxg5 hxg5 13. O-O Nxf3+ 14. gxf3 Bxf3 15. Qd2 Qh6 16. Bh2 Qh5 0-1

[Event "Live Chess"]
[Site "Chess.com"]
[Date "2023.09.16"]
[Round "-"]
[White "Megruo988"]
[Black "RickBrasil"]
[Result "0-1"]
[WhiteElo "1710"]
[BlackElo "1876"]
[TimeControl "900+5"]
[EndTime "7:17:17 PDT"]
[Termination "RickBrasil venceu por xeque-mate"]

1. e4 c6 2. d4 d5 3. exd5 cxd5 4. Bd3 Nf6 5. Nf3 Bg4 6. O-O Nc6 7. c3 h6 8. Nbd2 e6 9. Qc2 Bxf3 10. Nxf3 Bd6 11.
h3 Bc7 12. Re1 O-O 13. Bd2 Qd6 14. b4 a6 15. Re2 Rfe8 16. Rae1 Nd7 17. Qc1 Qf8 18.
a4 Rec8 19. Bf4 Bxf4 20. Qxf4 a5 21. b5 Na7 22. Rc1 Nb6 23. Ra2 Rd8 24. Ne5 Nac8 25. Re1 Nd6 26. Re3 Rac8 27. Rg3 Kh8 28. Ng4 f6 29.
Bc2 Ndc4 30. Qf3 e5 31. dxe5 fxe5 32. Nxe5 Nxe5 33. Qe2 Re8 34. Qh5 Nbc4 35. Ra1 Qf4 36. Re1 Nf3+ 37. gxf3 Rxe1+ 38. Kg2 Qc1 39. Qg6 Rg1+ 40.
Kh2 Rh1+ 41. Kg2 Qg1# 0-1

[Event "Live Chess"]
[Site "Chess.com"]
[Date "2023.09.16"]
[Round "-"]
[White "Giulliajapa007"]
[Black "icarohm"]
[Result "1-0"]
[WhiteElo "1013"]
[BlackElo "1872"]
[TimeControl "900+5"]
[EndTime "7:17:18 PDT"]
[Termination "Giulliajapa007 venceu por xeque-mate"]

1. e4 e6 2. Nf3 d5 3. e5 c5 4. c3 Nc6 5. d4 Qb6 6. Be3 cxd4 7.
cxd4 Qxb2 8. Nbd2 Bb4 9. Bb5 Ne7 10. O-O Bxd2 11. Bxd2 Qxb5 12. Ng5 O-O 13. Qh5 h6 14.
Nf3 Nf5 15. Qg4 g6 16. Nh4 Nxh4 17. Qxh4 Nxd4 18. Qxd4 h5 19. Bh6 Rd8 20. Qf4 Kh7 21. Qf6 Kxh6 22. Qxd8 b6 23. Qh8+ Kg5 24. Qf6+ Kg4 25.
h3# 1-0

[Event "Live Chess"]
[Site "Chess.com"]
[Date "2023.09.16"]
[Round "-"]
[White "lucasportolelis"]
[Black "Abofado"]
[Result "1-0"]
[WhiteElo "1679"]
[BlackElo "582"]
[TimeControl "900+5"]
[EndTime "7:17:30 PDT"]
[Termination "lucasportolelis venceu por xeque-mate"]

1. e4 e5 2. Nf3 Nf6 3. Nc3 d5 4. exd5 c6 5. Nxe5 cxd5 6. Bb5+ Nc6 7. Nxc6 bxc6 8. Bxc6+ Bd7 9. Bxa8 Qxa8 10. d4 Ng4 11.
Qe2+ Be6 12. h3 Nh6 13. O-O Qb8 14. Nxd5 Nf5 15. Bf4 Qxb2 16. Rab1 Qxa2 17. Qb5+ Bd7 18. Rfe1+ Be7 19. Qb8+ Bc8 20. Qxc8# 1-0

[Event "Live Chess"]
[Site "Chess.com"]
[Date "2023.09.16"]
[Round "-"]
[White "zezemito921"]
[Black "andre2873"]
[Result "1-0"]
[WhiteElo "920"]
[BlackElo "630"]
[TimeControl "900+5"]
[EndTime "7:17:35 PDT"]
[Termination "zezemito921 venceu por desistência"]

1. e4 e5 2. Bc4 Nf6 3. Nf3 Nc6 4. d3 Bc5 5. O-O d6 6. Bg5 h6 7. Bxf6 Qxf6 8. c3 a6 9. d4 Ba7 10. d5 Ne7 11. Na3 b5 12. Be2 c6 13. c4 c5 14.
cxb5 axb5 15. Nxb5 Bb6 16. a4 Ba6 17. Nc3 Bb5 18.
Nxb5 O-O 19. b3 g5 20. Qd2 g4 21. Ne1 h5 22. b4 cxb4 23. Qxb4 h4 24. Nxd6 g3 25. hxg3 hxg3 26. Qxb6 gxf2+ 27. Rxf2 Qh4 28. Rc1 Rab8 29. Qc7 Rbc8 30. Qxe7 Qxe7 31. Nxc8 Rxc8 32. Rxc8+ Kg7 33. Nf3 f6 34. Nh4 Qf7 35. d6 f5 1-0

[Event "Live Chess"]
[Site "Chess.com"]
[Date "2023.09.16"]
[Round "-"]
[White "KBT2007"]
[Black "augustodemoraisrocha"]
[Result "1-0"]
[WhiteElo "1895"]
[BlackElo "1465"]
[TimeControl "900+5"]
[EndTime "7:18:10 PDT"]
[Termination "KBT2007 venceu por desistência"]

1. d4 d5 2. c4 dxc4 3. e3 e5 4. Bxc4 exd4 5. exd4 Qe7+ 6. Be3 Be6 7. Qa4+ Qd7 8. Qb3 Bxc4 9. Qxc4 Qc6 10. Qb3 Nf6 11. Nf3 Nbd7 12. Nc3 Qb6 13. Qc2 Bb4 14. O-O Qc6 15.
Rfe1 O-O-O 16. a3 Bxc3 17. bxc3 Rhe8 18. c4 b5 19. c5 Nd5 20. Rab1 Nxe3 21. fxe3 a6 22.
Rb2 f6 23. Reb1 Rxe3 24. a4 Qe4 25. Qxe4 Rxe4 26. axb5 axb5 27. Rxb5 Nf8 28. c6 Nd7 29. Ra5 Nb6 30. Rba1 Kb8 31. Ra7 Rd6 32. d5 Rxd5 33.
Rb7+ Kc8 34. Raa7 Re7 35. Rxb6 cxb6 36. Rxe7 Rd6 37. Rxg7 Rxc6 38. Rxh7 b5 39. Nd4 Rb6 40. Rh3 b4 41. Rb3 Kd7 42. Nc2 Rc6 43. Nxb4 Rb6 44. Rd3+ Ke6 45. Nc2 Ke5 46. Ne1 f5 47. Kf2 f4 48.
Kf3 Rh6 49. h3 Rf6 50. Nc2 Kf5 51. Rd4 Kg5 52. Nb4 Rb6 53. Rxf4 Rb5 54. Nd3 Rb3 55. Ke3 Rxd3+ 56. Kxd3 Kxf4 57. Ke2 Kg3 58. Ke3 Kh4 59.
Kf4 Kh5 60. Kf5 Kh4 61. g4 Kxh3 62. g5 1-0

[Event "Live Chess"]
[Site "Chess.com"]
[Date "2023.09.16"]
[Round "-"]
[White "AnthonyGabriel1"]
[Black "vitinho_lawliet"]
[Result "1-0"]
[WhiteElo "2182"]
[BlackElo "934"]
[TimeControl "900+5"]
[EndTime "7:18:26 PDT"]
[Termination "AnthonyGabriel1 venceu por xeque-mate"]

1. e4 e6 2. Nc3 d5 3. d4 c5 4.
Nf3 Nc6 5. Bb5 a6 6. Bxc6+ bxc6 7. Qe2 Qb6 8. dxc5 Bxc5 9. exd5 Ne7 10. dxe6 Bxe6 11.
O-O Qb8 12. Ne4 Bd6 13. Rd1 Nf5 14. Nxd6+ Nxd6 15. Bf4 Qd8 16. Bxd6 Qf6 17. Be5 Qg6 18. Bd6 Rd8 19. c4 c5 20. Ne5 Qg5 21. f4 Qf5 22.
Bxc5 Rxd1+ 23. Rxd1 f6 24. g4 Qxf4 25. Nc6 Kf7 26.
Nd8+ Kg6 27. Nxe6 Qb8 28. Qe4+ Kf7 29. Rd7+ Ke8 30. Nf8+ Qe5 31. Qa8+ Qb8 32. Qxb8# 1-0

[Event "Live Chess"]
[Site "Chess.com"]
[Date "2023.09.16"]
[Round "-"]
[White "Mika635Isa"]
[Black "abaakate"]
[Result "0-1"]
[WhiteElo "532"]
[BlackElo "1916"]
[TimeControl "900+5"]
[EndTime "7:18:28 PDT"]
[Termination "abaakate venceu por xeque-mate"]

1. e4 c5 2. Nc3 Nc6 3. Nf3 e6 4. d4 cxd4 5. Nxd4 Nf6 6. Nxc6 bxc6 7. Bd3 Bb4 8. Bd2 O-O 9. O-O d5 10. e5 Nd7 11. a3 Bc5 12. Qh5 g6 13. Qg5 Qxg5 14.
Bxg5 Nxe5 15. Rfe1 Nxd3 16. cxd3 Ba6 17. Rad1 Rab8 18.
Be3 Bxe3 19. Rxe3 Rxb2 20. h3 Rfb8 21. Kh2 Rxf2 22. Kg3 Rbb2 23. Na4 Rxg2+ 24. Kh4 Rbf2 25. Rg3 Rf4+ 26. Kg5 Rf5+ 27. Kg4 h5+ 28. Kh4 g5+ 29. Kxh5 Rxg3 30. Rb1 g4+ 31. Kh6 Rxh3# 0-1

[Event "Live Chess"]
[Site "Chess.com"]
[Date "2023.09.16"]
[Round "-"]
[White "danilo655"]
[Black "zxsimon"]
[Result "0-1"]
[WhiteElo "720"]
[BlackElo "1480"]
[TimeControl "900+5"]
[EndTime "7:18:55 PDT"]
[Termination "zxsimon venceu por desistência"]

1. e4 c5 2. Nf3 Nc6 3. Bb5 d6 4. Bxc6+ bxc6 5. O-O g6 6. a3 Bg7 7. Nc3 Nf6 8. d3 Bg4 9. h3 Bd7 10. b4 cxb4 11. axb4 O-O 12. Bf4 Nh5 13. Be3 Bxc3 14. Ra3 Bg7 15. Re1 Qc7 16. c3 a5 17. Qa1 Qb7 18. Qa2 axb4 19. cxb4 Rxa3 20. Qxa3 Ra8 21.
Qb3 Be6 22. Qb1 Ba2 23. Qc2 Be6 24. Rb1 Ra2 25. Qc1 Ra4 26. Bd2 Qa6 27. Nd4 Bxd4 28. Qd1 Ra1 29. Be3 Rxb1 30. Qxb1 Qa1 31. Qxa1 Bxa1 32.
g4 Nf6 0-1

[Event "Live Chess"]
[Site "Chess.com"]
[Date "2023.09.16"]
[Round "-"]
[White "Abofado"]
[Black "Giulliajapa007"]
[Result "0-1"]
[WhiteElo "581"]
[BlackElo "1014"]
[TimeControl "900+5"]
[EndTime "7:19:39 PDT"]
[Termination "Giulliajapa007 venceu por desistência"]

1. e4 e5 2. Nf3 Nc6 3. d4 exd4 4.
Nxd4 Nxd4 5. c3 Nc6 6. Bc4 Nf6 7. Qf3 Be7 8. e5 Nxe5 9. Qh3 Nxc4 10. Na3 Nxa3 11.
bxa3 O-O 12. Bb2 d5 13. O-O-O Bxh3 14. gxh3 Ne4 0-1

[Event "Live Chess"]
[Site "Chess.com"]
[Date "2023.09.16"]
[Round "-"]
[White "mary260210"]
[Black "AlphaKaua10"]
[Result "1-0"]
[WhiteElo "888"]
[BlackElo "1032"]
[TimeControl "900+5"]
[EndTime "7:19:53 PDT"]
[Termination "mary260210 venceu por desistência"]

1. d4 c5 2. dxc5 Qa5+ 3. Bd2 Qxc5 4. Nc3 Nf6 5. Na4 Qh5 6. e3 Qxd1+ 7. Rxd1 e6 8. Nf3 Be7 9. Bc4 O-O 10. Ne5 a6 11. a3 b5 12. Bxb5 axb5 13. Nc3 Nd5 14. Nxb5 f6 15. e4 fxe5 16. exd5 exd5 17. Be3 d4 18.
Bd2 Bc5 19. Bb4 Bxb4+ 20. axb4 Ba6 21. Nd6 Ra7 22. b5 Bc8 23. b6 Rb7 24. Nxb7 Bxb7 25.
c3 dxc3 26. bxc3 Rf6 27. Ra1 Bxg2 28. Rg1 Bb7 29. Ra7 Bc6 30. b7 Bb5 31. Ra8 Rc6 32. Rxb8+ Kf7 33. Rc8 Ra6 34. Ra8 Rc6 35. b8=Q Rxc3 36.
Qxb5 1-0

[Event "Live Chess"]
[Site "Chess.com"]
[Date "2023.09.16"]
[Round "-"]
[White "Gustavinh13"]
[Black "ArthurMPRJ"]
[Result "1-0"]
[WhiteElo "1935"]
[BlackElo "1384"]
[TimeControl "900+5"]
[EndTime "7:20:06 PDT"]
[Termination "Gustavinh13 venceu por desistência"]

1. e4 c5 2. Nf3 e6 3. d4 cxd4 4. Nxd4 Nc6 5. Nc3 Qc7 6. Be3 a6 7. Be2 Nf6 8. O-O Be7 9. f4 d6 10. Kh1 O-O 11. f5 Nxd4 12. Bxd4 b5 13. a3 Bb7 14.
Bd3 e5 15. Be3 d5 16. exd5 Nxd5 17. Nxd5 Bxd5 18. f6 Bxf6 19. Rxf6 gxf6 20. Qg4+ Kh8 21. Qh4 e4 22. Qxf6+ Kg8 23. Bh6 1-0

[Event "Live Chess"]
[Site "Chess.com"]
[Date "2023.09.16"]
[Round "-"]
[White "KiwiDoFbi"]
[Black "Riquelme_Leonardo"]
[Result "0-1"]
[WhiteElo "1285"]
[BlackElo "1685"]
[TimeControl "900+5"]
[EndTime "7:20:38 PDT"]
[Termination "Riquelme_Leonardo venceu por desistência"]

1. e4 e5 2. f4 exf4 3. Nf3 g5 4.
Bc4 Bg7 5. h4 g4 6. Ng5 Nh6 7.
O-O f6 8. Rxf4 fxg5 9. hxg5 Be5 10. gxh6 Bxf4 11. Qxg4 Qg5 12. Qxg5 Bxg5 13. Nc3 Bxh6 14. Nd5 Kd8 15. b3 d6 16. Bb2 Rf8 17. Bf6+ Kd7 18.
Be7 Re8 19. Rf1 Rxe7 20. Nxe7 Kxe7 21. Rf7+ Kd8 22. Rxh7 Bxd2 23. Bd5 Nc6 24. Rh8+ Kd7 25. Rh7+ Ne7 0-1

[Event "Live Chess"]
[Site "Chess.com"]
[Date "2023.09.16"]
[Round "-"]
[White "NavarroChess09"]
[Black "MateusLuan08"]
[Result "1/2-1/2"]
[WhiteElo "1344"]
[BlackElo "1563"]
[TimeControl "900+5"]
[EndTime "7:21:28 PDT"]
[Termination "Partida empatada por acordo"]

1. Nf3 Nf6 2. d4 g6 3. Bg5 Bg7 4.
Nc3 d5 5. g3 Nc6 6. Bg2 O-O 7.
O-O Ne4 8. Nxe4 dxe4 9. Nd2 Qxd4 10. Nxe4 Qxd1 11. Raxd1 Bf5 12. c3 Rad8 13. Rxd8 Rxd8 14. Nc5 b6 15. Nb7 f6 16. Nxd8 Nxd8 17. Bf4 c5 18. Bd5+ e6 19. Bc4 Nc6 20. Rd1 Bf8 21. Bd6 Bxd6 22. Rxd6 Ne5 23. Bxe6+ Bxe6 24. Rxe6 Kf7 25.
Rd6 Ke7 26. Rd1 Nc4 27. b3 Ne5 28. f4 Ng4 29. Rd3 Ke6 30. h3 Nh6 31. Re3+ Kd6 32.
g4 Nf7 33. c4 Kd7 34. Rd3+ Nd6 35. e4 Ke7 36. e5 fxe5 37. fxe5 Nf7 38. Rd5 Ke6 39.
Kf2 Nxe5 40. Ke3 Nf7 41. Ke4 Nd6+ 42. Kf4 h6 43. Re5+ Kf6 44. g5+ hxg5+ 45. Rxg5 Nf7 46. Rd5 Ke6 47. h4 Nh6 48. Kg5 Nf5 49. Kxg6 Nxh4+ 50. Kg5 Nf3+ 51. Kg6 Nh4+ 52. Kg7 Nf5+ 53. Kf8 Nd6 54. Rh5 a5 55. Rh6+ Kd7 56. Rh7+ Kc6 57. Rh6 Kd7 58. Rh7+ Kc6 59. Ke7 Kc7 60. Ke6+ Kc6 61. Re7 Ne4 62. Rd7 Ng5+ 63. Kf6 Ne4+ 64. Ke5 Kxd7 65. Kxe4 Kd6 66. Kd3 Ke5 67. a4 Kd6 68. Kc3 Kc6 69. Kd3 Kd6 70. Ke4 Ke6 71. Kf4 Kf6 72. Ke4 1/2-1/2

[Event "Live Chess"]
[Site "Chess.com"]
[Date "2023.09.16"]
[Round "-"]
[White "lucasportolelis"]
[Black "icarohm"]
[Result "0-1"]
[WhiteElo "1668"]
[BlackElo "1876"]
[TimeControl "900+5"]
[EndTime "7:21:28 PDT"]
[Termination "icarohm venceu por desistência"]

1. e4 e6 2. d4 d5 3. Nc3 Bb4 4. e5 c5 5. a3 Bxc3+ 6. bxc3 Qb6 7. Be3 c4 8. Rb1 Qc7 9. Qg4 f6 10. Bf4 Qf7 11. Be2 Nc6 12. Nf3 Nge7 13. exf6 gxf6 14.
Kd2 e5 15. dxe5 Bxg4 0-1

[Event "Live Chess"]
[Site "Chess.com"]
[Date "2023.09.16"]
[Round "-"]
[White "KauaShelby015"]
[Black "Samueeeseeel"]
[Result "1-0"]
[WhiteElo "1281"]
[BlackElo "904"]
[TimeControl "900+5"]
[EndTime "7:22:11 PDT"]
[Termination "KauaShelby015 venceu por xeque-mate"]

1. e4 c5 2. Nf3 Nc6 3. d4 cxd4 4.
Nxd4 Nxd4 5. Qxd4 d6 6. Nc3 e5 7.
Qa4+ Bd7 8. Qb3 Qc7 9. Bc4 Bc6 10. O-O g6 11. f4 Bg7 12. fxe5 Qb6+ 13. Kh1 f5 14. exf6 Nxf6 15. Bf7+ Kd7 16. Qe6+ Kc7 17. Bf4 Rad8 18. Rad1 Qc5 19. Rd3 Rd7 20. Rfd1 Rhd8 21. Nd5+ Bxd5 22. exd5 Qf2 23. Rc3+ Kb6 24. Be3+ Qxe3 25.
Qxe3+ Kb5 26. Rb3+ Ka4 27. Qxa7# 1-0

[Event "Live Chess"]
[Site "Chess.com"]
[Date "2023.09.16"]
[Round "-"]
[White "dani_reitas"]
[Black "IanFLS"]
[Result "0-1"]
[WhiteElo "1012"]
[BlackElo "1875"]
[TimeControl "900+5"]
[EndTime "7:22:16 PDT"]
[Termination "IanFLS venceu por desistência"]

1. d4 Nf6 2. c4 g6 3. Nc3 d5 4.
e3 Bg7 5. Nf3 O-O 6. Be2 c6 7.
O-O e6 8. Qd2 b6 9. b3 Bb7 10. Bb2 Re8 11. Rfe1 Nbd7 12. Rac1 Rc8 13. Bd3 c5 14. e4 cxd4 15. Nxd4 dxe4 16. Nxe4 Nxe4 17.
Bxe4 Bxe4 18. Rxe4 Nc5 19. Ree1 Rc7 20. Rcd1 Rd7 21.
Qe3 e5 22. Nc6 Qc7 23. Rxd7 Qxd7 24. Nxe5 Bxe5 25. Bxe5 f6 26. b4 Rxe5 27. Qc1 Rxe1+ 28. Qxe1 Nd3 29. Qb1 Qf5 30. Qc2 Nxb4 31. Qb3 Qd3 32. Qxb4 Qd1+ 0-1

[Event "Live Chess"]
[Site "Chess.com"]
[Date "2023.09.16"]
[Round "-"]
[White "VIAJEMCENTRODATERRA"]
[Black "Torugomilho11"]
[Result "1-0"]
[WhiteElo "2011"]
[BlackElo "1123"]
[TimeControl "900+5"]
[EndTime "7:22:17 PDT"]
[Termination "VIAJEMCENTRODATERRA venceu por desistência"]

1. d4 Nf6 2. c4 e6 3. Nc3 g6 4. e4 Bg7 5. Be2 O-O 6. Nf3 Nc6 7.
e5 Ne8 8. O-O d6 9. exd6 Nxd6 10.
Be3 Bd7 11. Rc1 Nf5 12. Qd2 Nxe3 13. Qxe3 Qe7 14. d5 exd5 15. Nxd5 Qxe3 16. Nxe3 Bxb2 17. Rb1 Bg7 18. Rxb7 Rac8 19. Nd5 Rfe8 20. Bd1 Bg4 21.
h3 Bxf3 22. Bxf3 Re6 23. Rxc7 Rxc7 24. Nxc7 Rd6 25. Rb1 Be5 26. Nd5 Kg7 27. g3 Nd4 28. Bg2 Rc6 29. Ne3 Rc7 30. Rb7 Rxb7 31. Bxb7 Ne2+ 32. Kg2 Nc3 33. c5 Nb5 34. c6 Nc7 35.
Nc4 Kf6 36. f4 Bd4 37. Kf3 Ke6 38. Ke4 Bb6 39. Bc8+ Ke7 40. f5 gxf5+ 41. Bxf5 h6 42. Kf4 Ne6+ 43. Bxe6 fxe6 44. Nxb6 axb6 45. Ke5 b5 46. g4 b4 47. h4 1-0

[Event "Live Chess"]
[Site "Chess.com"]
[Date "2023.09.16"]
[Round "-"]
[White "Mozart5501"]
[Black "GabrielGGCF"]
[Result "1-0"]
[WhiteElo "1788"]
[BlackElo "1402"]
[TimeControl "900+5"]
[EndTime "7:23:11 PDT"]
[Termination "Mozart5501 venceu por xeque-mate"]

1. e4 e5 2. Nf3 Nc6 3. d4 Bb4+ 4. c3 Bd6 5. d5 Nce7 6. Bg5 h6 7. Be3 Ng6 8. Nbd2 Nf6 9. c4 Bb4 10. Bd3 d6 11.
O-O Bg4 12. Qa4+ c6 13. Qxb4 Nh5 14. Qxb7 Ngf4 15. Qxc6+ Kf8 16. Bxf4 Bxf3 17. Nxf3 Nxf4 18. Bc2 Rb8 19. b3 Qf6 20. Rfe1 Qg6 21. g3 Nh3+ 22. Kg2 Nf4+ 23. Kh1 Nh3 24. Nxe5 dxe5 25. Qxg6 fxg6 26. Kg2 Ng5 27. f4 exf4 28. gxf4 Nf7 29. e5 Re8 30. Bxg6 Re7 31. Bxf7 Rxf7 32. d6 Rxf4 33. e6 Rd4 34. e7+ Kf7 35. Rf1+ Ke6 36. Rf8 Rd2+ 37. Kf1 Rxd6 38.
e8=Q# 1-0